| TOP OF THE 1ST |
|
New York Yankees batting - Pitching for Detroit Tigers : RHP Ryan Sobocinski
|
|
Pitching: RHP Ryan Sobocinski
|
|
|
Batting: LHB Jason Peck
|
0-0: Ball 1-0: Called Strike 1-1: Foul Ball, location: 2F 1-2: Foul Ball, location: 2F 1-2: Ball 2-2: Ball 3-2: DOUBLE (Groundball, 3L, EV 105.0 MPH)
|
|
Batting: RHB C.J. Richerson
|
0-0: Ball 1-0: Swinging Strike 1-1: Foul Ball, location: 2F 1-2: Foul Ball, location: 2F 1-2: Ball 2-2: Foul Ball, location: 2F 2-2: Ball 3-2: Fly out, F8 (Flyball, 8RS, EV 81.2 MPH)
|
|
Batting: SHB Bartholomeu Chambino
|
0-0: Ball 1-0: Ground out 4-3 (Groundball, 4, EV 108.1 MPH) Jason Peck to third
|
|
Batting: LHB Evan Torraville
|
0-0: Called Strike 0-1: SINGLE (Groundball, 34D, EV 103.8 MPH) Jason Peck scores
|
|
Batting: LHB Jordan de Jesus
|
0-0: Swinging Strike 0-1: Swinging Strike 0-2: Ball Evan Torraville is caught stealing 2nd base 2-6
|
| Top of the 1st over - 1 run, 2 hits, 0 errors, 0 left on base; New York 1 - Detroit 0 |
| BOTTOM OF THE 1ST |
|
Detroit Tigers batting - Pitching for New York Yankees : RHP John Brice
|
|
Pitching: RHP John Brice
|
|
|
Batting: RHB Greg Harman
|
0-0: Called Strike 0-1: Foul Ball, location: 2F 0-2: Strikes out swinging
|
|
Batting: LHB Morgan Black
|
0-0: Called Strike 0-1: Ball 1-1: DOUBLE (Line Drive, 78D, EV 104.4 MPH)
|
|
Batting: RHB Randy Shrewsbury
|
0-0: Ball 1-0: Ball 2-0: Foul Ball, location: 2F 2-1: Foul Ball, location: 2F 2-2: Strikes out swinging
|
|
Batting: LHB Tyler Davis
|
0-0: Swinging Strike 0-1: Called Strike 0-2: Fly out, F9 (Flyball, 89S, EV 79.4 MPH)
|
| Bottom of the 1st over - 0 runs, 1 hit, 0 errors, 1 left on base; New York 1 - Detroit 0 |
| TOP OF THE 2ND |
|
New York Yankees batting - Pitching for Detroit Tigers : RHP Ryan Sobocinski
|
|
Batting: LHB Jordan de Jesus
|
0-0: Ball 1-0: Ball 2-0: Ball 3-0: Base on Balls
|
|
Batting: LHB David Bramble
|
0-0: Ball 1-0: Fly out, F7 (Flyball, 78M, EV 88.8 MPH)
|
|
Batting: RHB Geni Prawiranega
|
0-0: Ball 1-0: Called Strike 1-1: Ball 2-1: Ball Jordan de Jesus is caught stealing 2nd base 2-4 3-1: Fly out, F8 (Flyball, 89D, EV 95.6 MPH)
|
| Top of the 2nd over - 0 runs, 0 hits, 0 errors, 0 left on base; New York 1 - Detroit 0 |
| BOTTOM OF THE 2ND |
|
Detroit Tigers batting - Pitching for New York Yankees : RHP John Brice
|
|
Batting: RHB Luke Feeney
|
0-0: Called Strike 0-1: Ball 1-1: Swinging Strike 1-2: Strikes out swinging
|
|
Batting: RHB Ryan Neal
|
0-0: Ball 1-0: Swinging Strike 1-1: Swinging Strike 1-2: Ball 2-2: Foul Ball, location: 2F 2-2: Ball 3-2: Fly out, F8 (Flyball, 8LM, EV 89.4 MPH)
|
|
Batting: RHB Victor Quinones
|
0-0: Ball 1-0: Called Strike 1-1: Swinging Strike 1-2: Strikes out swinging
|
| Bottom of the 2nd over - 0 runs, 0 hits, 0 errors, 0 left on base; New York 1 - Detroit 0 |
| TOP OF THE 3RD |
|
New York Yankees batting - Pitching for Detroit Tigers : RHP Ryan Sobocinski
|
|
Batting: LHB Alejandro Soriano
|
0-0: Called Strike 0-1: Ground out 3-1 (Groundball, 34S, EV 85.6 MPH)
|
|
Batting: RHB Sam Saunders
|
0-0: Ball 1-0: Ball 2-0: Ball 3-0: Called Strike 3-1: Foul Ball, location: 2F 3-2: Ground out 6-3 (Groundball, 56, EV 110.6 MPH)
|
|
Batting: LHB Jason Peck
|
0-0: Called Strike 0-1: Foul Ball, location: 2F 0-2: Ball 1-2: Ground out U3 (Groundball, 34S, EV 76.9 MPH)
|
| Top of the 3rd over - 0 runs, 0 hits, 0 errors, 0 left on base; New York 1 - Detroit 0 |
| BOTTOM OF THE 3RD |
|
Detroit Tigers batting - Pitching for New York Yankees : RHP John Brice
|
|
Batting: LHB Emmanuel Gaskin
|
0-0: Swinging Strike 0-1: Fly out, F8 (Flyball, 89S, EV 90.6 MPH)
|
|
Batting: RHB Adrian Novakovic
|
0-0: Swinging Strike 0-1: Swinging Strike 0-2: Foul Ball, location: 2F 0-2: Ball 1-2: Foul Ball, location: 2F 1-2: Strikes out swinging
|
|
Batting: RHB Greg Harman
|
0-0: Ball 1-0: Ball 2-0: Ball 3-0: Ground out 4-3 (Groundball, 4MS, EV 90.6 MPH)
|
| Bottom of the 3rd over - 0 runs, 0 hits, 0 errors, 0 left on base; New York 1 - Detroit 0 |
| TOP OF THE 4TH |
|
New York Yankees batting - Pitching for Detroit Tigers : RHP Ryan Sobocinski
|
|
Batting: RHB C.J. Richerson
|
0-0: Swinging Strike 0-1: Ball 1-1: Fly out, F8 (Flyball, 8RD, EV 91.9 MPH)
|
|
Batting: SHB Bartholomeu Chambino
|
0-0: Foul Ball, location: 2F 0-1: Ball 1-1: Ground out 4-3 (Groundball, 4, EV 107.5 MPH)
|
|
Batting: LHB Evan Torraville
|
0-0: Called Strike 0-1: Swinging Strike 0-2: Ball 1-2: Fly out, F8 (Line Drive, 8RM, EV 90.6 MPH)
|
| Top of the 4th over - 0 runs, 0 hits, 0 errors, 0 left on base; New York 1 - Detroit 0 |
| BOTTOM OF THE 4TH |
|
Detroit Tigers batting - Pitching for New York Yankees : RHP John Brice
|
|
Batting: LHB Morgan Black
|
0-0: Called Strike 0-1: Foul Ball, location: 2F 0-2: Ball 1-2: SINGLE (Flyball, 8RS, EV 84.4 MPH)
|
|
Batting: RHB Randy Shrewsbury
|
0-0: Ball 1-0: Ball 2-0: Foul Ball, location: 2F 2-1: Foul Ball, location: 2F 2-2: Foul Ball, location: 2F 2-2: Ball 3-2: Base on Balls Morgan Black to second
|
|
Batting: LHB Tyler Davis
|
0-0: Ball 1-0: Ball 2-0: Ball 3-0: Called Strike 3-1: Swinging Strike 3-2: Strikes out looking
|
|
Batting: RHB Luke Feeney
|
0-0: Ball 1-0: Ball 2-0: Called Strike 2-1: Ball 3-1: Base on Balls Morgan Black to third Randy Shrewsbury to second
|
|
Batting: RHB Ryan Neal
|
0-0: Called Strike 0-1: Ball 1-1: Fly out, F7 (Flyball, 7LM, EV 93.8 MPH) Runner from 3rd tags up, SCORES, no throw by LF
|
|
Batting: RHB Victor Quinones
|
0-0: Called Strike 0-1: Ball 1-1: SINGLE (Flyball, 7LS, EV 84.4 MPH) Randy Shrewsbury to third Luke Feeney to second Runner from 3rd tries for Home, SAFE, throw by LF to home
|
|
Batting: LHB Emmanuel Gaskin
|
0-0: Ball 1-0: Called Strike 1-1: Ball 2-1: Swinging Strike 2-2: Ball 3-2: Foul Ball, location: 2F 3-2: Strikes out looking
|
| Bottom of the 4th over - 2 runs, 2 hits, 0 errors, 2 left on base; New York 1 - Detroit 2 |
| TOP OF THE 5TH |
|
New York Yankees batting - Pitching for Detroit Tigers : RHP Ryan Sobocinski
|
|
Batting: LHB Jordan de Jesus
|
0-0: Swinging Strike 0-1: Foul Ball, location: 2F 0-2: Foul Ball, location: 2F 0-2: Ball 1-2: Ground out 4-3 (Groundball, 4, EV 81.9 MPH)
|
|
Batting: LHB David Bramble
|
0-0: Fly out, F5 (Popup, 5S, EV 75.6 MPH)
|
|
Batting: RHB Geni Prawiranega
|
0-0: Called Strike 0-1: Ball 1-1: Foul Ball, location: 2F 1-2: Foul Ball, location: 2F 1-2: Foul Ball, location: 2F 1-2: Fly out, F5 (Popup, 5F, EV 83.8 MPH)
|
| Top of the 5th over - 0 runs, 0 hits, 0 errors, 0 left on base; New York 1 - Detroit 2 |
| BOTTOM OF THE 5TH |
|
Detroit Tigers batting - Pitching for New York Yankees : RHP John Brice
|
|
Batting: RHB Adrian Novakovic
|
0-0: Called Strike 0-1: Ball 1-1: Swinging Strike 1-2: Ball 2-2: Foul Ball, location: 2F 2-2: Strikes out swinging
|
|
Batting: RHB Greg Harman
|
0-0: Ball 1-0: Called Strike 1-1: Ball 2-1: Ball 3-1: Base on Balls
|
|
Batting: LHB Morgan Black
|
0-0: Ball 1-0: Swinging Strike 1-1: Ball 2-1: Ground out U3 (Groundball, 3L, EV 83.8 MPH) Greg Harman to second
|
|
Batting: RHB Randy Shrewsbury
|
0-0: Ball 1-0: Called Strike 1-1: Called Strike 1-2: Ball 2-2: Fly out, F9 (Line Drive, 9D, EV 85.6 MPH)
|
| Bottom of the 5th over - 0 runs, 0 hits, 0 errors, 1 left on base; New York 1 - Detroit 2 |
| TOP OF THE 6TH |
|
New York Yankees batting - Pitching for Detroit Tigers : RHP Ryan Sobocinski
|
|
Batting: LHB Alejandro Soriano
|
0-0: Foul Ball, location: 2F 0-1: Ball 1-1: DOUBLE (Line Drive, 89M, EV 100.0 MPH)
|
|
Batting: RHB Sam Saunders
|
0-0: Foul Ball, location: 2F 0-1: Fly out, F9 (Flyball, 9LM, EV 89.4 MPH)
|
|
Batting: LHB Jason Peck
|
0-0: Fly out, F7 (Flyball, 78S, EV 75.0 MPH)
|
|
Batting: RHB C.J. Richerson
|
0-0: SINGLE (Groundball, 56, EV 99.4 MPH) (infield hit) Alejandro Soriano to third
|
|
Batting: SHB Bartholomeu Chambino
|
0-0: Called Strike 0-1: Ball 1-1: Ground out 4-3 (Groundball, 4, EV 80.6 MPH)
|
| Top of the 6th over - 0 runs, 2 hits, 0 errors, 2 left on base; New York 1 - Detroit 2 |
| BOTTOM OF THE 6TH |
|
Detroit Tigers batting - Pitching for New York Yankees : RHP John Brice
|
|
Batting: LHB Tyler Davis
|
0-0: Ball 1-0: Called Strike 1-1: Called Strike 1-2: Ball 2-2: Strikes out swinging
|
|
Batting: RHB Luke Feeney
|
0-0: Swinging Strike 0-1: Called Strike 0-2: Strikes out looking
|
|
Batting: RHB Ryan Neal
|
0-0: Called Strike 0-1: Ball 1-1: Ball 2-1: Ball 3-1: Swinging Strike 3-2: Base on Balls
|
|
Batting: RHB Victor Quinones
|
0-0: Ball 1-0: Foul Ball, location: 2F 1-1: Ball 2-1: Fly out, F6 (Flyball, 6D, EV 85.0 MPH)
|
| Bottom of the 6th over - 0 runs, 0 hits, 0 errors, 1 left on base; New York 1 - Detroit 2 |
| TOP OF THE 7TH |
|
New York Yankees batting - Pitching for Detroit Tigers : RHP Ryan Sobocinski
|
|
Batting: LHB Evan Torraville
|
0-0: Ball 1-0: Swinging Strike 1-1: Ball 2-1: Ball 3-1: Foul Ball, location: 2F 3-2: Base on Balls
|
|
Batting: LHB Jordan de Jesus
|
0-0: Called Strike 0-1: Swinging Strike 0-2: Grounds into double play, 4-6-3 (Groundball, 4, EV 106.9 MPH)
|
|
Batting: LHB David Bramble
|
0-0: Foul Ball, location: 2F 0-1: Ball 1-1: Swinging Strike 1-2: Strikes out swinging
|
| Top of the 7th over - 0 runs, 0 hits, 0 errors, 0 left on base; New York 1 - Detroit 2 |
| BOTTOM OF THE 7TH |
|
Detroit Tigers batting - Pitching for New York Yankees : RHP John Brice
|
|
Pitching: LHP David Ibarra
|
|
|
Batting: LHB Emmanuel Gaskin
|
0-0: Ground out 6-3 (Groundball, 6, EV 82.5 MPH)
|
|
Pitching: RHP Timothy Greinke
|
|
|
Batting: RHB Adrian Novakovic
|
0-0: Swinging Strike 0-1: Swinging Strike 0-2: Ball 1-2: Ball 2-2: Ball 3-2: Ground out 1-3 (Groundball, 34S, EV 71.9 MPH)
|
|
Batting: RHB Greg Harman
|
0-0: SINGLE (Groundball, 6D, EV 95.6 MPH)
|
|
Batting: LHB Morgan Black
|
0-0: Called Strike 0-1: Ball 1-1: Swinging Strike 1-2: Strikes out swinging
|
| Bottom of the 7th over - 0 runs, 1 hit, 0 errors, 1 left on base; New York 1 - Detroit 2 |
| TOP OF THE 8TH |
|
New York Yankees batting - Pitching for Detroit Tigers : RHP Ryan Sobocinski
|
|
Batting: RHB Geni Prawiranega
|
0-0: Ball 1-0: Swinging Strike 1-1: Fly out, F8 (Line Drive, 8LD, EV 98.1 MPH)
|
|
Batting: LHB Alejandro Soriano
|
0-0: Foul Ball, location: 2F 0-1: Swinging Strike 0-2: Strikes out swinging, 2-3 out at first.
|
|
Pinch Hitting: LHB Yao-pang Tien
|
0-0: Ball 1-0: Ball 2-0: Foul Ball, location: 2F 2-1: Ball 3-1: Swinging Strike 3-2: Strikes out swinging
|
| Top of the 8th over - 0 runs, 0 hits, 0 errors, 0 left on base; New York 1 - Detroit 2 |
| BOTTOM OF THE 8TH |
|
Detroit Tigers batting - Pitching for New York Yankees : RHP Timothy Greinke
|
|
Now in LF: Yao-pang Tien
|
|
|
Batting: RHB Randy Shrewsbury
|
0-0: Hit by Pitch
|
|
Batting: LHB Tyler Davis
|
0-0: Ball 1-0: Foul Ball, location: 2F 1-1: Called Strike 1-2: Hit by Pitch Randy Shrewsbury to second
|
|
Pinch Runner at 1st Phil Zacharia:
|
|
|
Batting: RHB Luke Feeney
|
0-0: Foul Ball, location: 2F 0-1: Ball 1-1: Ball 2-1: Grounds into double play, 5-4-3 (Groundball, 56, EV 105.6 MPH) Randy Shrewsbury to third
|
|
Batting: RHB Ryan Neal
|
0-0: Ball 1-0: Foul Ball, location: 2F 1-1: Ball 2-1: SINGLE (Line Drive, 7S, EV 90.0 MPH) Randy Shrewsbury scores
|
|
Batting: RHB Victor Quinones
|
0-0: Ball 1-0: Ball 2-0: DOUBLE (Flyball, 78XD, EV 108.8 MPH) Ryan Neal to third Runner from 3rd tries for Home, SAFE, throw by CF to home
|
|
Batting: LHB Emmanuel Gaskin
|
0-0: Intentional Walk
|
|
Batting: RHB Adrian Novakovic
|
0-0: Ball 1-0: SINGLE (Line Drive, 89S, EV 95.6 MPH) Victor Quinones to third Emmanuel Gaskin to second Runner from 3rd tries for Home, SAFE, throw by CF to home
|
|
Pitching: RHP Jose Tavira
|
|
|
Batting: RHB Greg Harman
|
0-0: Ball 1-0: Ball 2-0: Ball 3-0: Called Strike 3-1: Called Strike 3-2: Strikes out swinging
|
| Bottom of the 8th over - 3 runs, 3 hits, 0 errors, 2 left on base; New York 1 - Detroit 5 |
| TOP OF THE 9TH |
|
New York Yankees batting - Pitching for Detroit Tigers : RHP Ryan Sobocinski
|
|
Batting: LHB Jason Peck
|
0-0: Foul Ball, location: 2F 0-1: Foul Ball, location: 2F 0-2: Ball 1-2: Ball 2-2: Ground out U3 (Groundball, 34, EV 101.2 MPH)
|
|
Batting: RHB C.J. Richerson
|
0-0: Called Strike 0-1: Swinging Strike 0-2: Ball 1-2: SINGLE (Groundball, 6M, EV 91.2 MPH) (infield hit)
|
|
Pitching: RHP Andres de Leon
|
|
|
Batting: SHB Bartholomeu Chambino
|
0-0: Called Strike 0-1: Ball 1-1: Ball 2-1: Foul Ball, location: 2F 2-2: SINGLE (Groundball, 4MD, EV 108.8 MPH) C.J. Richerson to second
|
|
Pitching: RHP Riso Profanter
|
|
|
Batting: LHB Evan Torraville
|
0-0: Called Strike 0-1: Ball 1-1: Swinging Strike 1-2: Ball 2-2: Ball 3-2: Strikes out looking
|
|
Batting: LHB Jordan de Jesus
|
0-0: Ball 1-0: Ball 2-0: Ball 3-0: Base on Balls C.J. Richerson to third Bartholomeu Chambino to second
|
|
Batting: LHB David Bramble
|
0-0: Ground out U3 (Groundball, 34, EV 91.2 MPH)
|
| Top of the 9th over - 0 runs, 2 hits, 0 errors, 3 left on base; New York 1 - Detroit 5 |
|